 Dungeon Crawl Stone Soup version 0.25-a0-785-gb22c70e859 (webtiles) character file.

Game seed: 5824399137121517116, levelgen mode: deterministic

257 mortelune the Bolt Thrower (level 6, -1/37 HPs)
             Began as a Kobold Hunter on Apr 17, 2020.
             Killed by nerve-wracking pain
             ... invoked by an orc priest
              (12 damage)
             ... on level 3 of the Dungeon.
             The game lasted 00:05:07 (3798 turns).

mortelune the Bolt Thrower (Kobold Hunter)          Turns: 3798, Time: 00:05:07

Health: -1/37      AC:  6    Str: 11    XL:     6   Next: 39%
Magic:  6/6        EV: 14    Int: 12    God:
Gold:   165        SH:  0    Dex: 16    Spells: 5/5 levels left

rFire    . . .     SeeInvis .   a - +1 hand crossbow
rCold    . . .     Gourm    .   (shield restricted)
rNeg     . . .     Faith    .   o - +0 ring mail
rPois    .         Spirit   .   (no helmet)
rElec    .         Reflect  .   k - +0 cloak
rCorr    .         Harm     .   (no gloves)
MR       .....                  (no boots)
Stlth    +.........             (no amulet)
HPRegen  0.12/turn              (no ring)
MPRegen  0.10/turn              (no ring)

@: no status effects
A: small, carnivore
a: no special abilities


You were on level 3 of the Dungeon.
You were completely stuffed.

You visited 1 branch of the dungeon, and saw 3 of its levels.

You collected 165 gold pieces.

Inventory:

Hand Weapons
 a - a +1 hand crossbow (weapon)
 b - a +0 short sword
 x - a +2 morningstar of holy wrath
Missiles
 d - 41 bolts (quivered)
Armour
 c - a +0 leather armour
 k - a +0 cloak (worn)
 o - a +0 ring mail (worn)
Jewellery
 s - an uncursed ring of see invisible {unknown}
Wands
 u - a wand of acid (12)
Scrolls
 e - 2 scrolls of noise {unknown}
 g - 6 scrolls of teleportation {unknown}
 h - a scroll of immolation {unknown}
 i - 2 scrolls of remove curse {unknown}
 n - 2 scrolls of identify {unknown}
 v - a scroll of magic mapping {unknown}
Potions
 j - a potion of curing
 l - 2 potions of cancellation {unknown}
 m - 3 potions of heal wounds {unknown}
 p - a potion of degeneration {unknown}
 q - 2 potions of might {unknown}
 r - a potion of flight {unknown}
 t - a potion of lignification {unknown}
 w - a potion of stabbing {unknown}
 A - a potion of ambrosia {unknown}
Comestibles
 f - 6 rations


   Skills:
 + Level 3.5 Fighting
 * Level 4.8 Short Blades
 + Level 5.8 Crossbows
 + Level 3.9 Dodging
 - Level 1.3 Stealth


You had 5 spell levels left.
You didn't know any spells.
Your spell library was empty.

Dungeon Overview and Level Annotations

Branches:
Dungeon (3/15)

Altars:


Innate Abilities, Weirdness & Mutations

You are small and have problems with some larger weapons.
You are carnivorous and can eat meat at any time.


Message History

Firing (i - inventory)
d - 44 bolts (quivered)
Press: ? - help, Shift-Dir - straight line, f/p - orc priest
Aim: an orc priest, wielding a +0 club and wearing a +0 scale mail You shoot a bolt.
The bolt hits the orc priest.
The orc priest is moderately wounded.
The orc priest calls down the wrath of Beogh upon you.
Pain shoots through your body!
* * * LOW HITPOINT WARNING * * *
Firing (i - inventory)
d - 43 bolts (quivered)
Press: ? - help, Shift-Dir - straight line, f/p - orc priest
Aim: an orc priest, wielding a +0 club and wearing a +0 scale mail (moderately wounded)
You shoot a bolt. The bolt barely misses the orc priest.
Firing (i - inventory)
d - 42 bolts (quivered)
Press: ? - help, Shift-Dir - straight line, f/p - orc priest
Aim: an orc priest, wielding a +0 club and wearing a +0 scale mail (moderately wounded)
You shoot a bolt. The bolt hits the orc priest!
The orc priest is almost dead.
The orc priest mumbles some strange prayers to Beogh against you.
Pain shoots through your body!
You die...

..'.........+.....###......
##.........####..# #.#####
##.......## ##.###.#
##.....## #.....# ##...##
#.##### ##'## #.# #..## #.#
#.#.#######.#
..###@.......# #..
#.######### #..$oo #...(#
#o#.( .. ##( . . #


You could see an orc priest, an orc wizard and an orc.

Vanquished Creatures
  2 orc priests (D:3)
  2 orc wizards (D:3)
  6 adders
  An adder skeleton (D:3)
  A dart slug (D:2)
  3 leopard geckos
  9 orcs (D:3)
  4 giant cockroaches
  6 goblins
  7 hobgoblins
  6 jackals (D:3)
  5 kobolds
  2 quokkas (D:2)
  A ball python (D:2)
  7 bats
  8 frilled lizards
  9 rats
79 creatures vanquished.

Notes
Turn   | Place    | Note
-------+----------+-------------------------------------------
     0 | D:1      | mortelune the Kobold Hunter began the quest for the Orb.
     0 | D:1      | Reached XP level 1. HP: 12/12 MP: 1/1
    45 | D:1      | Reached skill level 1 in Short Blades
    55 | D:1      | Reached XP level 2. HP: 18/18 MP: 2/2
   199 | D:1      | Reached skill level 5 in Crossbows
   574 | D:2      | Reached XP level 3. HP: 15/22 MP: 3/3
   899 | D:2      | Reached XP level 4. HP: 27/27 MP: 4/4
  2332 | D:3      | Reached XP level 5. HP: 32/32 MP: 5/5
  2398 | D:3      | HP: 1/32 [something/magic dart (6)]
  2953 | D:3      | Reached XP level 6. HP: 16/37 MP: 6/6
  3798 | D:3      | Killed from afar by an orc priest

Levels and vault maps discovered:
D:1:      lemuel_arrival_behind_the_door_small, layout_rooms,
          minmay_tetromino_o2
D:2:      layout_basic
D:3:      layout_loops_corners, first_ration

Skill      XL: |  1  2  3  4  5 |
---------------+----------------+-----
Short Blades   | 1 2 3 4 |  4.8
Crossbows      | 5 |  5.8
Dodging        | 3 |  3.9
Fighting       | 3 |  3.5
Stealth        | |  1.3

Action                   |  1- 3 |  4- 6 || total
-------------------------+-------+-------++-------
Melee: Short sword       |    69 |   213 ||   282
 Fire: Hand crossbow     |    23 |    42 ||    65
  Use: Potion            |       |     1 ||     1
 Stab: Sleeping          |     2 |       ||     2
  Eat: Chunk             |     4 |    14 ||    18
Armor: Leather armour    |    20 |       ||    20
       Ring mail         |       |    50 ||    50
Dodge: Dodged            |    60 |   168 ||   228

Table legend:
 A = Non-vault XP
 B = Vault XP
 C = Vault XP percentage of total XP
 D = Non-vault monster count
 E = Vault monster count
 F = Vault count percentage of total count
                 A         B        C        D         E       F
            +---------+---------+-------+---------+---------+-------
      Total |     367 |       1 |   0.3 |      78 |       1 |   1.3
            +---------+---------+-------+---------+---------+-------
        D:1 |      20 |       1 |   4.8 |      14 |       1 |   6.7
        D:2 |      63 |       0 |   0.0 |      25 |       0 |   0.0
        D:3 |     284 |       0 |   0.0 |      39 |       0 |   0.0
            +---------+---------+-------+---------+---------+-------
